 Dungeon Crawl Stone Soup version 0.21.1-1-g345015f (webtiles) character file.

84 TinyReaver the Grave Robber (level 4, -1/32 HPs)
             Began as a Mummy Necromancer on May 2, 2018.
             Slain by a goblin
             ... wielding a +0 club
             ... led by Robin
              (4 damage)
             ... on level 3 of the Dungeon.
             The game lasted 00:15:18 (2798 turns).

TinyReaver the Grave Robber (Mummy Necromancer)     Turns: 2798, Time: 00:15:19

Health: -1/32      AC:  2    Str: 11    XL:     4   Next: 24%
Magic:  2/9        EV: 12    Int: 15    God:
Gold:   155        SH:  0    Dex: 12    Spells: 1/10 levels left

rFire    x . .     SeeInvis .   i - +1 dagger (pain)
rCold    + . .     Gourm    .   (no shield)
rNeg     + + +     Faith    .   a - +0 robe
rPois    ∞         Spirit   .   (no helmet)
rElec    .         Reflect  .   (no cloak)
rCorr    .         Harm     .   (no gloves)
MR       .....                  (no boots)
Stlth    ++........             (no amulet)
HPRegen  0.10/turn              (no ring)
MPRegen  0.11/turn              (no ring)

@: very slightly contaminated
A: no food or potions, fire vulnerability, cold resistance 1, negative energy
resistance 3, torment resistance, unbreathing
a: no special abilities


You were on level 3 of the Dungeon.
You were not hungry.

You visited 1 branch of the dungeon, and saw 3 of its levels.

You collected 155 gold pieces.

Inventory:

Hand Weapons
 i - a +1 dagger of pain (weapon)
Armour
 a - a +0 robe (worn)
Jewellery
 c - an uncursed ring of poison resistance
Scrolls
 e - 2 scrolls of amnesia
 f - 5 scrolls of identify
 g - 2 scrolls of remove curse
 h - a scroll of fog {unknown}
 j - a scroll of enchant armour {unknown}
Books
 b - a book of Necromancy

   Spells                             Type                      Level
   a - Pain                           Necromancy                   1
   b - Animate Skeleton               Necromancy                   1
   c - Vampiric Draining              Necromancy                   3
   d - Regeneration                   Charms/Necromancy            3
   e - Animate Dead                   Necromancy                   4
   f - Borgnjor's Vile Clutch         Necromancy/Earth             5


   Skills:
 * Level 1.3 Fighting
 + Level 0.3 Short Blades
   Level 0.3 Maces & Flails
 + Level 1.8 Dodging
 + Level 1.9 Stealth
 + Level 3.9 Spellcasting
 + Level 4.4 Necromancy


You had one spell level left.
You knew the following spells:

 Your Spells              Type           Power        Failure   Level  Hunger
a - Pain                  Necr           ###.         3%          1    N/A
b - Animate Skeleton      Necr           N/A          3%          1    N/A
c - Vampiric Draining     Necr           ###.......   9%          3    N/A
d - Animate Dead          Necr           N/A          28%         4    N/A

Dungeon Overview and Level Annotations

Branches:
Dungeon (3/15)

Altars:
Trog
Uskayaw

Annotations:
D:3 Natasha, Robin


Innate Abilities, Weirdness & Mutations

You do not eat or drink.
Your flesh is vulnerable to fire.
You are immune to poison.
Your flesh is cold resistant. (rC+)
You are immune to negative energy. (rN+++)
You are immune to unholy pain and torment.
You can survive without breathing.


Message History

Your rat zombie closely misses the hobgoblin.
You hit the hobgoblin.
The hobgoblin is heavily wounded.
The goblin shoots a stone.
The stone hits your rat zombie.
Your rat zombie is destroyed!
Your hobgoblin zombie barely misses the hobgoblin.
The hobgoblin hits you but does no damage.
The hobgoblin barely misses you. The goblin hits you with a club.
* * * LOW HITPOINT WARNING * * *
You hit the hobgoblin.
The hobgoblin is severely wounded.
Your hobgoblin zombie hits the hobgoblin.
The hobgoblin hits you with a spear.
* * * LOW HITPOINT WARNING * * *
The hobgoblin barely misses you.
A dart slug comes into view.
You closely miss the hobgoblin.
The hobgoblin is severely wounded.
The goblin hits you with a club.
You die...

.......### .........#
.........# .........#
.......$.# .........#
......g.g# #@# #g##
#.####gZ# #....w#.##
#....h#..# ###.# #.#
......5s##.## #...# #.#
.[h...g.##..# #...# #.#
...og...###.####...###.#
.g..##### #.........##.#


You could see Natasha, a white imp, a dart slug, a giant cockroach, 2
hobgoblins, 3 goblins and a friendly hobgoblin zombie.

Vanquished Creatures
  An adder (D:2)
  A worm (D:2)
  A dart slug (D:2)
  4 leopard geckos
  6 bats
  3 giant cockroaches
  6 hobgoblins
  10 jackals
  7 kobolds
  3 frilled lizards
  8 goblins
  8 rats
58 creatures vanquished.

Vanquished Creatures (collateral kills)
  A giant cockroach (D:1)
  4 goblins
  2 jackals (D:1)
7 creatures vanquished.

Grand Total: 65 creatures vanquished

Notes
Turn   | Place    | Note
-------+----------+-------------------------------------------
     0 | D:1      | TinyReaver the Mummy Necromancer began the quest for the Orb.
     0 | D:1      | Reached XP level 1. HP: 13/13 MP: 4/4
   284 | D:1      | Reached XP level 2. HP: 20/20 MP: 0/5
   307 | D:1      | Learned a level 1 spell: Animate Skeleton
   736 | D:1      | Reached skill level 1 in Fighting
   849 | D:1      | Reached XP level 3. HP: 2/26 MP: 0/7
  1651 | D:2      | Noticed a dagger
  1652 | D:2      | Noticed a dagger
  1654 | D:2      | Found a hide-covered altar of Uskayaw.
  1679 | D:2      | Learned a level 3 spell: Vampiric Draining
  1718 | D:2      | Found a bloodstained altar of Trog.
  1879 | D:2      | Reached XP level 4. HP: 27/32 MP: 9/9
  1886 | D:2      | Learned a level 4 spell: Animate Dead
  2779 | D:3      | Noticed Natasha
  2781 | D:3      | Noticed Robin
  2798 | D:3      | Slain by a goblin

Skill      XL: |  1  2 |
---------------+-------+-----
Spellcasting   | 3 |  3.9
Fighting       | 1 |  1.3
Short Blades   | |  0.3
Maces & Flails | |  0.3
Dodging        | |  1.8
Stealth        | |  1.9
Necromancy     | |  4.4

Action                   |  1- 3 |  4- 6 || total
-------------------------+-------+-------++-------
Melee: Whip              |    59 |       ||    59
       Dagger            |    58 |    46 ||   104
 Cast: Pain              |    29 |     2 ||    31
       Animate Skeleton  |    14 |       ||    14
       Animate Dead      |       |     8 ||     8
  Use: Scroll            |     2 |     1 ||     3
 Stab: Sleeping          |     2 |     1 ||     3
Armor: Robe              |    29 |     4 ||    33
Dodge: Dodged            |    89 |    25 ||   114
